Map: Ruins of Seras

Players

TokiSada

  • Race: Protoss Protoss
  • League: Master

Albion - Winner!

  • Race: Protoss Protoss

VOD

Have the link to the VOD?

Description

Time

  • Played on: March 13, 2016, 6:45 a.m.
  • Length: 16:14
Show
View Real Time Build Order
Export as new Build Order

TokiSada Protoss 

Build Orders:  

Get SALT Encoding   

  12  0:01  Probe (Chrono Boost)  
  13  0:11  Probe (Chrono Boost)  
  14  0:18  Pylon  
  14  0:22  Probe (Chrono Boost)  
  15  0:36  Probe (Chrono Boost)  
  15  0:38  Gateway  
  16  0:46  Probe (Chrono Boost)  
  16  0:49  Assimilator  
  17  0:54  Assimilator  
  18  0:57  Probe (Chrono Boost)  
  18  1:06  Gateway  
  18  1:10  Probe (Chrono Boost)  
  19  1:21  Probe (Chrono Boost)  
  19  1:25  Cybernetics Core  
  20  1:31  Probe (Chrono Boost)  
  21  1:42  Probe (Chrono Boost)  
  21  1:45  Pylon  
  22  1:52  Probe (Chrono Boost)  
  23  2:04  Stalker (Chrono Boost)  
  27  2:08  Stalker (Chrono Boost)  
  27  2:11  Warp Gate (Chrono Boost)  
  28  2:31  Mothership Core  
  29  2:50  Nexus  
  29  2:52  Probe  
  30  3:05  Probe  
  31  3:08  Stargate  
  31  3:32  Pylon  
  31  3:42  Pylon  
  31  3:50  Probe  
  30  4:02  Probe  
  34  4:06  Pylon  
  34  4:08  Pylon  
  34  4:09  Pylon  
  34  4:12  Probe  
  34  4:13  Phoenix (Chrono Boost)  
  34  4:14  Probe  
  34  4:23  Probe  
  34  4:24  Stalker x2  
  39  4:31  Probe  
  39  4:38  Probe (Chrono Boost)  
  40  4:43  Probe (Chrono Boost)  
  37  4:46  Phoenix  
  37  4:49  Probe (Chrono Boost)  
  40  4:54  Probe (Chrono Boost)  
  41  5:00  Probe (Chrono Boost)  
  41  5:05  Probe (Chrono Boost)  
  43  5:11  Phoenix (Chrono Boost), Probe (Chrono Boost)  
  46  5:15  Probe (Chrono Boost)  
  46  5:20  Probe (Chrono Boost)  
  48  5:22  Stargate  
  48  5:27  Probe  
  49  5:29  Pylon  
  49  5:30  Probe  
  49  5:33  Pylon  
  50  5:38  Phoenix (Chrono Boost)  
  50  5:39  Probe  
  50  5:40  Probe  
  54  5:48  Robotics Facility  
  54  5:51  Probe x2  
  54  5:53  Assimilator  
  56  5:59  Assimilator  
  56  6:01  Probe  
  56  6:03  Probe  
  58  6:06  Phoenix (Chrono Boost)  
  62  6:12  Probe  
  62  6:13  Phoenix (Chrono Boost)  
  62  6:16  Probe  
  64  6:23  Probe  
  65  6:28  Probe  
  66  6:33  Probe  
  66  6:39  Probe  
  67  6:41  Phoenix (Chrono Boost)  
  67  6:42  Phoenix (Chrono Boost)  
  67  6:44  Observer (Chrono Boost)  
  67  6:45  Probe  
  74  6:50  Probe  
  75  6:56  Pylon  
  75  6:57  Pylon  
  73  7:06  Immortal (Chrono Boost)  
  77  7:13  Twilight Council, Forge  
  77  7:14  Phoenix x2  
  81  7:20  Probe  
  82  7:26  Nexus  
  82  7:35  Sentry x2  
  86  7:40  Immortal (Chrono Boost)  
  86  7:42  Pylon  
  88  7:50  Phoenix x2  
  90  8:02  Stalker x2  
  92  8:06  Protoss Ground Weapons Level 1  
  92  8:12  Probe  
  93  8:21  Pylon  
  93  8:22  Pylon  
  93  8:38  Phoenix x2, Immortal (Chrono Boost)  
  101  8:46  Zealot  
  101  8:47  Zealot  
  105  8:48  Gateway  
  105  8:49  Gateway  
  105  8:50  Gateway  
  105  9:05  Charge (Chrono Boost)  
  105  9:13  Immortal (Chrono Boost)  
  109  9:19  Zealot x2  
  109  9:21  Void Ray  
  109  9:22  Phoenix  
  91  9:51  Immortal (Chrono Boost)  
  91  9:59  Stalker x2  
  88  10:03  Pylon x2  
  64  10:22  Immortal (Chrono Boost)  
  64  10:24  Zealot x5  
  71  10:40  Pylon  
  69  10:48  Zealot x5  
  79  10:55  Phoenix x2  
  82  10:58  Probe  
  82  10:59  Probe  
  82  11:02  Pylon  
  82  11:03  Immortal  
  88  11:11  Probe x2 (Chrono Boost)  
  88  11:13  Probe (Chrono Boost)  
  91  11:22  Probe (Chrono Boost)  
  92  11:26  Zealot x5  
  86  11:48  Zealot x2  
  86  11:49  Zealot x3  
  86  11:50  Immortal  
  94  11:59  Probe (Chrono Boost), Templar Archives  
  100  12:01  Probe (Chrono Boost)  
  100  12:05  Assimilator  
  100  12:09  Probe (Chrono Boost)  
  100  12:10  Phoenix  
  100  12:13  Phoenix  
  105  12:20  Protoss Ground Armor Level 1 (Chrono Boost), Probe (Chrono Boost)  
  105  12:21  Probe (Chrono Boost)  
  107  12:24  Probe (Chrono Boost)  
  108  12:30  Probe (Chrono Boost)  
  108  12:32  Assimilator  
  108  12:33  Probe (Chrono Boost)  
  108  12:35  Probe (Chrono Boost)  
  110  12:41  Probe (Chrono Boost)  
  112  12:44  Probe (Chrono Boost)  
  112  12:54  Phoenix x2  
  116  13:00  Pylon  
  116  13:04  Photon Cannon  
  116  13:07  Photon Cannon  
  116  13:08  Pylon  
  116  13:13  Immortal  
  116  13:14  Pylon  
  116  13:18  Mothership Core (Chrono Boost)  
  122  13:22  Gateway  
  122  13:25  Pylon  
  122  13:27  Gateway  
  122  13:28  Gateway  
  120  13:49  Observer  
  120  13:50  Photon Cannon  
  121  13:56  Zealot x5, Photon Cannon  
  107  14:28  High Templar x5  
  110  14:36  Pylon  
  110  14:37  Pylon  
  104  14:39  Pylon  
  104  14:40  Archon x2  
  104  14:41  High Templar  
  104  14:44  High Templar x2  
  109  14:46  Archon  
  109  14:49  Archon  
  107  14:58  Observer  
  108  15:12  High Templar x2  
  108  15:13  Zealot x3  
  118  15:16  Archon  
  100  16:01  Zealot x2  
  100  16:02  Zealot x4  
Show
View Real Time Build Order
Export as new Build Order

Albion Protoss - Winner!

Build Orders: Oracle Opening 

Get SALT Encoding   

  12  0:00  Probe (Chrono Boost)  
  13  0:11  Probe (Chrono Boost)  
  14  0:18  Pylon  
  14  0:22  Probe (Chrono Boost)  
  15  0:36  Probe (Chrono Boost)  
  15  0:38  Gateway  
  16  0:45  Assimilator  
  16  0:47  Probe (Chrono Boost)  
  17  0:57  Probe (Chrono Boost)  
  17  1:00  Assimilator  
  18  1:08  Probe (Chrono Boost)  
  20  1:18  Probe (Chrono Boost)  
  20  1:21  Gateway  
  20  1:28  Cybernetics Core  
  20  1:29  Probe (Chrono Boost)  
  21  1:39  Probe (Chrono Boost)  
  22  1:40  Pylon  
  22  1:50  Probe (Chrono Boost)  
  25  2:08  Mothership Core (Chrono Boost), Stalker x2  
  25  2:13  Warp Gate (Chrono Boost)  
  29  2:27  Probe (Chrono Boost)  
  30  2:34  Pylon  
  30  2:47  Pylon x2  
  30  2:52  Stalker x2  
  34  3:02  Probe  
  32  3:07  Stargate  
  32  3:17  Pylon  
  32  3:38  Nexus  
  30  3:57  Oracle (Chrono Boost)  
  30  4:01  Mothership Core  
  33  4:04  Stalker  
  35  4:11  Pylon  
  35  4:17  Pylon  
  35  4:25  Stalker  
  40  4:36  Probe  
  35  4:51  Twilight Council  
  36  4:52  Probe (Chrono Boost)  
  36  4:54  Probe (Chrono Boost)  
  35  5:04  Probe (Chrono Boost)  
  35  5:05  Probe (Chrono Boost)  
  37  5:07  Stalker x2  
  41  5:14  Probe (Chrono Boost)  
  41  5:15  Probe (Chrono Boost)  
  41  5:16  Gateway  
  43  5:25  Probe (Chrono Boost)  
  43  5:26  Probe (Chrono Boost)  
  45  5:29  Robotics Facility  
  45  5:34  Blink (Chrono Boost)  
  45  5:35  Probe (Chrono Boost)  
  46  5:37  Probe (Chrono Boost)  
  47  5:47  Probe x2  
  47  5:48  Pylon  
  49  5:58  Stalker  
  49  6:00  Probe, Stalker  
  49  6:02  Probe  
  55  6:08  Assimilator  
  55  6:09  Assimilator  
  55  6:20  Observer  
  55  6:22  Probe  
  55  6:23  Stalker x2  
  55  6:24  Probe  
  62  6:30  Pylon  
  61  6:33  Probe  
  61  6:36  Probe  
  63  6:43  Probe  
  64  6:48  Probe  
  62  6:54  Probe  
  62  6:57  Stalker x3  
  69  7:01  Warp Prism (Chrono Boost), Gateway  
  69  7:05  Gateway  
  71  7:19  Gateway  
  71  7:21  Stalker x2  
  74  7:30  Stalker  
  76  7:41  Pylon  
  76  7:42  Pylon  
  74  8:13  Stalker  
  74  8:14  Stalker x5  
  74  8:15  Warp Prism (Chrono Boost)  
  88  8:32  Pylon  
  88  8:37  Stalker x5  
  88  8:38  Stalker  
  100  9:06  Stalker x2, Sentry  
  100  9:07  Stalker x3  
  76  9:41  Stalker x6  
  70  10:09  Stalker x6  
  78  10:27  Warp Prism (Chrono Boost)  
  78  10:41  Nexus  
  78  10:55  Stalker x5  
  88  10:58  Observer (Chrono Boost)  
  89  11:20  Adept x6  
  69  11:56  Stalker x6  
  69  12:00  Probe x2  
  83  12:08  Resonating Glaives  
  83  12:09  Pylon  
  83  12:25  Sentry x5  
  83  12:26  Sentry  
  95  12:31  Assimilator  
  95  12:32  Assimilator  
  95  12:38  Dark Shrine  
  95  12:56  Adept x6  
  107  13:05  Warp Prism (Chrono Boost)  
  109  13:11  Probe  
  109  13:13  Probe x2  
  112  13:25  Probe  
  112  13:26  Probe x2  
  112  13:44  Probe  
  112  13:45  Probe x2  
  112  14:11  Stalker x2  
  112  14:12  Stalker x4  
  118  14:34  Stalker  
  118  14:35  Stalker x5  
  118  14:38  Warp Prism (Chrono Boost)  
  132  14:45  Mothership Core  
  134  14:59  Forge  
  134  15:03  Dark Templar x2  
  134  15:04  Dark Templar  
  140  15:11  Pylon x2  
  140  15:16  Pylon  
  140  15:17  Archon  
  140  15:25  Pylon  
  140  15:30  Dark Templar x3  
  146  15:39  Archon x2  
  146  15:57  Dark Templar x3  
Tags
 
Add a new tag
Caveats
  • Supply blocks, unpowered buildings, or Contaminate may cause inaccurate times.
  • Supply counts are checked every 10 seconds.